 Dungeon Crawl Stone Soup version 0.20-a0-893-g832831a (webtiles) character file.

693 qpzil the Basher (level 7, 0/57 HPs)
             Began as a White Draconian Berserker on Mar 17, 2017.
             Was a Priest of Trog.
             Slain by a water moccasin zombie (1 damage)
             ... in an ossuary.
             The game lasted 00:08:59 (3371 turns).

qpzil the Basher (White Draconian Berserker)        Turns: 3371, Time: 00:09:00

Health: 0/57       AC:  8    Str: 21    XL:     7   Next: 37%
Magic:  7/7        EV: 12    Int:  7    God:    Trog [***...]
Gold:   292        SH:  3    Dex: 11    Spells: 6/6 levels left

rFire    + . .     SeeInvis .   j - +1 flail
rCold    . . .     Gourm    .   (armour unavailable)
rNeg     . . .     Faith    .   o - +0 buckler
rPois    .         Spirit   .   (helmet restricted)
rElec    .         Reflect  .   c - +0 cloak
rCorr    .         Harm     .   s - +0 pair of gloves
MR       ++...                  (no boots)
Stlth    +.........             (no amulet)
Regen    1.2/turn               (no ring)
MPRegen  0.1/turn               m - ring of fire

@: regenerating
A: breathe frost, unfitting armour, cold resistance 1, cold-blooded, AC +6
a: Breathe Frost, Berserk, Trog's Hand, Burn Spellbooks, Renounce Religion


You were in an ossuary.
You worshipped Trog.
Trog was most pleased with you.
You were hungry.

You visited 1 branch of the dungeon, and saw 5 of its levels.
You also visited: Ossuary.

You collected 292 gold pieces.

Inventory:

Hand Weapons
 j - a +1 flail (weapon)
 p - a +0 hunting sling
Missiles
 q - 97 stones (quivered)
Armour
 c - a +0 cloak (worn)
 o - a +0 buckler (worn)
 s - a +0 pair of gloves (worn)
Jewellery
 m - a ring of fire (left hand)
 v - a +3 ring of strength {unknown}
 y - a +2 ring of strength {unknown}
 B - an uncursed ring of positive energy {unknown}
Wands
 w - a wand of confusion (18/48)
Scrolls
 d - 2 scrolls of teleportation
 h - 5 scrolls of identify
 k - a scroll of enchant weapon
 l - 2 scrolls of remove curse
 x - a scroll of immolation {unknown}
 C - a scroll of fear
Potions
 a - a potion of invisibility {unknown}
 e - a potion of berserk rage {unknown}
 g - 2 potions of agility
 r - a potion of haste
 t - a potion of mutation {unknown}
 u - a potion of lignification {unknown}
 z - a potion of heal wounds {unknown}
 A - 2 potions of resistance
Comestibles
 b - 2 bread rations
 f - 3 meat rations
 i - 6 fruits
 n - 4 royal jellies


   Skills:
 - Level 3.2 Fighting
 + Level 8.7 Maces & Flails
 - Level 2.6 Dodging


You had 6 spell levels left.
You didn't know any spells.

Dungeon Overview and Level Annotations

Branches:
Dungeon (5/15)             Temple (0/1) D:5

Altars:
Kikubaaqudgha
Nemelex Xobeh
Ru


Innate Abilities, Weirdness & Mutations

You can breathe waves of freezing cold.
You can buffet flying creatures when you breathe cold.
Your icy white scales are hard. (AC +6)
You cannot fit into any form of body armour.
Your flesh is cold resistant. (rC+)
You are cold-blooded and may be slowed by cold attacks.


Message History

A poisoned needle shoots out and hits you!
There is a needle trap here.
A poisoned needle hits the water moccasin zombie, but does no damage! x2
You sock the water moccasin zombie!
The water moccasin zombie is moderately damaged.
The water moccasin zombie misses you.
The water moccasin zombie bites you but does no damage.
You hit the water moccasin zombie.
The water moccasin zombie is heavily damaged.
The water moccasin zombie bites you.
* * * LOW HITPOINT WARNING * * *
The water moccasin zombie bites you!
* * * LOW HITPOINT WARNING * * *
You hit the water moccasin zombie.
You tail-slap the water moccasin zombie, but do no damage.
The water moccasin zombie is heavily damaged.
The water moccasin zombie bites you.
* * * LOW HITPOINT WARNING * * *
The water moccasin zombie bites you.
You die...

######### ####
#∩..#...#!!!!#
#...'.∩.#??[?+
#^..#...#!!!!#
#...##### ####
#^^.# #'###
#^^@# #^ZZ#
#.^.# #^^^#
###'# #...#
#...# #...#
#...#


You could see 2 water moccasin zombies.

Vanquished Creatures
  Grinder (D:3)
  A black bear (D:4)
  A big kobold (D:5)
  A howler monkey (D:4)
  A hound (D:5)
  2 orc wizards
  2 worker ants (D:4)
  A big kobold zombie (Ossuary)
  Robin (D:3)
  4 adders
  4 worms
  A dart slug (D:1)
  3 leopard geckos
  9 orcs
  10 bats
  3 bat zombies (D:5)
  4 giant cockroaches
  17 goblins
  6 hobgoblins
  7 kobolds
  A ball python (D:1)
  4 frilled lizards
  2 hobgoblin zombies (Ossuary)
  A jackal skeleton (D:5)
  2 kobold zombies (Ossuary)
  An orc zombie (Ossuary)
  5 rats
  2 rat zombies (D:5)
97 creatures vanquished.

Notes
Turn   | Place    | Note
-------+----------+-------------------------------------------
     0 | D:1      | qpzil the Draconian Berserker began the quest for the Orb.
     0 | D:1      | Reached XP level 1. HP: 19/19 MP: 1/1
   195 | D:1      | Reached XP level 2. HP: 25/26 MP: 2/2
   379 | D:1      | Reached skill level 4 in Maces & Flails
   672 | D:2      | Reached XP level 3. HP: 31/31 MP: 3/3
  1021 | D:2      | Reached ** piety under Trog
  1173 | D:2      | Found a sacrificial altar of Ru.
  1276 | D:3      | Reached XP level 4. HP: 34/38 MP: 4/4
  1282 | D:3      | Reached skill level 5 in Maces & Flails
  1640 | D:3      | Noticed Grinder
  1643 | D:3      | Paralysed by Grinder for 4 turns
  1656 | D:3      | Killed Grinder
  1656 | D:3      | Reached skill level 6 in Maces & Flails
  1656 | D:3      | Reached XP level 5. HP: 32/45 MP: 5/5
  1741 | D:3      | Reached XP level 6. HP: 40/51 MP: 6/6
  1869 | D:3      | Noticed Robin
  1886 | D:3      | Reached skill level 7 in Maces & Flails
  1916 | D:3      | Killed Robin
  1981 | D:3      | Found a sparkling altar of Nemelex Xobeh.
  2872 | D:4      | Reached *** piety under Trog
  2872 | D:4      | Reached skill level 8 in Maces & Flails
  2872 | D:4      | Your scales start taking on an icy white colour.
  2872 | D:4      | Reached XP level 7. HP: 55/57 MP: 7/7
  2872 | D:4      | Gained mutation: Your flesh is cold resistant. (rC+) [White Draconian growth]
  2918 | D:5      | Entered Level 5 of the Dungeon
  3173 | D:5      | Found an ancient bone altar of Kikubaaqudgha.
  3222 | D:5      | Found a staircase to the Ecumenical Temple.
  3312 | D:5      | Found a sand-covered staircase.
  3321 | Ossuary  | Entered an ossuary
  3371 | Ossuary  | HP: 1/57 [water moccasin zombie (3)]
  3371 | Ossuary  | Slain by a water moccasin zombie

Vault maps used:
D:1:      dpeg_arrival_signposts, minmay_misc_feat_encased
D:2:      nicolae_ru_path_of_blood
D:3:      first_bread, nemelex_altar_shiori, uniq_grinder, uniq_robin
D:4:      black_bear_nest_1
D:5:      minmay_opposing_rooms, kennysheep_little_box,
          lemuel_zombie_altar_kikubaaqudgha, minmay_temple_entry_poolview,
          enter_ossuary_2
Ossuary:  ossuary_tomb_2

Skill      XL: |  1  2  3  4  5  6 |
---------------+-------------------+-----
Maces & Flails | 4 6 8 |  8.7
Fighting       | |  3.2
Dodging        | |  2.6

Action                   |  1- 3 |  4- 6 |  7- 9 || total
-------------------------+-------+-------+-------++-------
Melee: Mace              |    81 |       |       ||    81
       Tailslap          |    11 |    17 |     8 ||    36
       Flail             |    34 |   122 |    72 ||   228
Invok: Trog's Hand       |       |       |     1 ||     1
  Use: Scroll            |     7 |     1 |       ||     8
       Potion            |     1 |       |       ||     1
  Eat: Chunk             |     1 |     5 |     2 ||     8
Armor: Skin              |    55 |    63 |    47 ||   165
Dodge: Dodged            |   110 |    88 |    58 ||   256
Block: Buckler           |       |       |    24 ||    24
